 Dungeon Crawl Stone Soup version 0.30.0 (webtiles) character file.

Game seed: 156160154060525996

52 workbot the Ogre Mage (level 3, -3/31 HPs)
             Began as an Ogre Venom Mage on May 5, 2023.
             Slain by a gnoll
             ... wielding a +0 flail
              (6 damage)
             ... on level 2 of the Dungeon.
             The game lasted 00:07:06 (1544 turns).

workbot the Ogre Mage (Ogre Venom Mage)             Turns: 1544, Time: 00:07:07

Health: -3/31      AC:  3    Str: 12    XL:     3   Next: 85%
Magic:  2/7        EV:  9    Int: 18    God:
Gold:   161        SH:  0    Dex:  9    Spells: 5/8 levels left

rFire   x . .        e - staff of conjuration
rCold   + . .        (no shield)
rNeg    . . .        a - +0 robe
rPois   .            (helmet restricted)
rElec   .            (no cloak)
rCorr   .            (gloves unavailable)
SInv    .            (boots unavailable)
Will    .....        (no amulet)
Stlth   +            f - ring of ice
HPRegen 0.25/turn    (no ring)
MPRegen 0.10/turn

%: no passive effects
@: no status effects
A: large, unfitting armour, tough skin 1
a: no special abilities


You were on level 2 of the Dungeon.
You visited 1 branch of the dungeon, and saw 2 of its levels.

You collected 161 gold pieces.

Inventory:

Armour
 a - a +0 robe (worn)
Magical Staves
 e - a staff of conjuration (weapon)
Jewellery
 f - a ring of ice (left hand)
Scrolls
 i - a scroll of teleportation
 j - a scroll of identify {unknown}
 k - a scroll of fear {unknown}
 l - a scroll of immolation {unknown}
 m - a scroll of brand weapon {unknown}
Potions
 b - a potion of magic
 c - a potion of curing {unknown}
 d - 2 potions of attraction {unknown}
 g - a potion of invisibility {unknown}
 h - a potion of heal wounds {unknown}


   Skills:
 - Level 1.7 Dodging
 - Level 1.4 Stealth
 + Level 3.3 Spellcasting
 + Level 2.0 Transmutations
 + Level 3.2 Poison Magic


You had 5 spell levels left.
You knew the following spells:

 Your Spells              Type           Power      Damage    Failure   Level
a - Sting                 Tmut/Pois      48%        1d5       5%          1
b - Poisonous Vapours     Pois/Air       16%        N/A       12%         2

Your spell library contained the following spells:

 Spells                   Type           Power      Damage    Failure   Level
 Sandblast                Erth           4%         2d4       16%         1
 Passwall                 Tmut/Erth      5%         N/A       16%         2
 Scorch                   Fire           4%         2d5       24%         2
 Mephitic Cloud           Conj/Pois/Air  10%        N/A       30%         3
 Olgreb's Toxic Radiance  Pois           14%        N/A       38%         4
 Stone Arrow              Conj/Erth      8%         3d7       43%         3
 Flame Wave               Conj/Fire      4%         2d5       85%         4
 Summon Cactus Giant      Summ           1%         N/A       100%        6


Dungeon Overview and Level Annotations

Branches:
Dungeon (2/15)

Altars:


Innate Abilities, Weirdness & Mutations

You are too large for most types of armour.
You have tough skin. (AC +1)


Message History

You kill the rat!
Casting: Sting (safe; 5% risk of failure)
Confirm with . or Enter, or press ? or * to list all spells.
Aiming: Sting (safe; 5% risk of failure)
Press: ? - help, Shift-Dir - straight line, f - gnoll
Aim: a gnoll, wielding a +0 flail (75% to hit)
The sting hits the gnoll.
The gnoll is poisoned.
The gnoll is lightly wounded.
The gnoll closely misses you.
Casting: Sting (safe; 5% risk of failure)
Confirm with . or Enter, or press ? or * to list all spells.
Aiming: Poisonous Vapours (safe; 12% risk of failure)
Press: ? - help, Dir - move target, f - dart slug, p - gnoll
Aim: a dart slug Poisonous vapours surround the dart slug!
The dart slug is poisoned.
The gnoll closely misses you.
You closely miss the gnoll.
The gnoll is moderately wounded.
The gnoll closely misses you.
You hit the gnoll.
The gnoll is moderately wounded.
You kill the dart slug!
The gnoll hits you with a +0 flail.
Your Transmutations skill increases to level 2!
You completely miss the gnoll.
The gnoll is moderately wounded.
The gnoll looks more healthy.
The gnoll hits you with a +0 flail!
You closely miss the gnoll.
The gnoll is heavily wounded.
The gnoll hits you with a +0 flail. The gnoll hits you with a +0 flail!
* * * LOW HITPOINT WARNING * * *
Casting: Poisonous Vapours (safe; 12% risk of failure)
Confirm with . or Enter, or press ? or * to list all spells.
Aiming: Sting (safe; 5% risk of failure)
Press: ? - help, Shift-Dir - straight line, f - gnoll
Aim: a gnoll, wielding a +0 flail (heavily wounded, 75% to hit)
The sting hits the gnoll.
The gnoll is poisoned.
The gnoll is severely wounded.
The gnoll hits you with a +0 flail.
You die...

..'.....# ###..#.## ###..
###.....# #.....#.## #..##
##....# ###..#..#.## ###..#
##...# #..##.#..#.## #..###
##..# ###..##.#..#.#####..#
#### #+#
#..#####.#..#.##..### ...#
#.# ###..#..##†#..#.##..#
##.####.#
#..###.g.##.#..#[.###
#.#.##.####..#.@#..##.#.....#
##..#...##..###.##
..##.#..### ...>....###..#..#
w.##.#.. ##.###..#..###.##
gJ##..# #.# ##.#...'..#
..##.+ ..# #.##.##### #
######## #### #....#
#####.... #.#### #.....###
#.# #.#......


You could see a gnoll (poisoned).

Vanquished Creatures
  An adder (D:2)
  A worm (D:2)
  3 dart slugs
  2 bats (D:2)
  4 endoplasms
  A giant cockroach (D:1)
  3 goblins
  3 hobgoblins
  4 jackals (D:2)
  A kobold (D:1)
  3 ball pythons
  2 frilled lizards
  3 rats
31 creatures vanquished.

Notes
Turn   | Place    | Note
-------+----------+-------------------------------------------
     0 | D:1      | workbot the Ogre Venom Mage began the quest for the Orb.
     0 | D:1      | Reached XP level 1. HP: 16/16 MP: 3/3
    90 | D:1      | Reached skill level 1 in Transmutations
   222 | D:1      | Reached XP level 2. HP: 24/24 MP: 3/5
   225 | D:1      | Learned a level 2 spell: Poisonous Vapours
   964 | D:2      | Reached XP level 3. HP: 26/31 MP: 2/7
  1544 | D:2      | Slain by a gnoll

Illustrated notes

Levels and vault maps discovered:
D:1:      minmay_arrival_pointy, layout_basic
D:2:      minmay_razor_zed, layout_loops_corners, minmay_tetromino_s4

Skill      XL: |  1  2  3 |
---------------+----------+-----
Transmutations | 1 2 |  2.0
Poison Magic   | 3 |  3.2
Spellcasting   | 3 |  3.3
Dodging        | |  1.7
Stealth        | |  1.4

Action                     || total
---------------------------++-------
  Melee: Unarmed           ||     8
         Staff             ||    56
   Cast: Sting             ||    27
         Poisonous Vapours ||     7
    Use: Scroll            ||     3
         Potion            ||     1
 Armour: Robe              ||    21
  Dodge: Dodged            ||    36
